 Dungeon Crawl Stone Soup version 0.26-a0-962-g9b92081034 (webtiles) character file.

Game seed: 8153284900416089832

6421 MordorOrchid the Covert (level 10, -9/81 (82) HPs)
             Began as a Gnoll Delver on Dec 2, 2020.
             Was a Plaything of Xom.
             Mangled by a komodo dragon (25 damage)
             ... on level 1 of the Lair of Beasts.
             The game lasted 00:36:03 (8039 turns).

MordorOrchid the Covert (Gnoll Delver)              Turns: 8039, Time: 00:36:03

HP:   -9/81 (82)    AC: 12    Str: 15    XL:     10   Next: 98%
MP:   18/18         EV: 31    Int: 22    God:    Xom [.*....]
Gold: 744           SH:  9    Dex: 16    Spells: 5/20 levels left

rFire    . . .     SeeInvis .   a - +5 long sword
rCold    + . .     Faith    .   w - +3 buckler of Classification {rPois Int+6}
rNeg     + . .     Spirit   .   S - +0 acid dragon scales
rPois    +         Reflect  .   q - +0 helmet
rElec    .         Harm     .   (no cloak)
rCorr    +         Rampage  .   B - +0 pair of gloves
MR       .....                  (no boots)
Stlth    ++++......             o - amulet of the acrobat
HPRegen  0.23/turn              h - ring of protection from cold
MPRegen  0.16/turn              y - ring of positive energy

@: lethally poisoned (-9 -> -15), about to teleport, acrobat
A: distributed training, claws 1, fangs 1, iridescent scales 1, strong nose
a: Renounce Religion


You were on level 1 of the Lair of Beasts.
You worshipped Xom.
You were a plaything of Xom.
You visited 3 branches of the dungeon, and saw 7 of its levels.
You also visited: Bailey.

You collected 1565 gold pieces.
You spent 821 gold pieces at shops.

Inventory:

Hand Weapons
 a - a +5 long sword (weapon)
 d - a cursed -2 short sword
 j - a +0 hunting sling
 p - a +5 spear
 E - a +0 dagger of speed
Missiles
 i - a throwing net
 m - 44 bolts
 z - 28 sling bullets
 C - 5 poisoned darts (quivered)
 Q - 5 boomerangs
Armour
 q - a +0 helmet (worn)
 w - the +3 buckler of Classification (worn) {rPois Int+6}
   (You bought it in a shop on level 7 of the Dungeon)

   It affects your intelligence (+6).
   It protects you from poison.
 B - a +0 pair of gloves (worn)
 N - a +0 tower shield of protection
 O - a +1 crystal plate armour
 S - +0 acid dragon scales (worn)
Magical Staves
 f - an uncursed staff of death
Jewellery
 h - a ring of protection from cold (left hand)
 o - an amulet of the acrobat (around neck)
 y - a ring of positive energy (right hand)
 L - an uncursed amulet of regeneration
Wands
 g - a wand of digging (6)
 l - a wand of polymorph (3)
 x - a wand of iceblast (10)
 I - a wand of enslavement (6)
 P - a wand of acid (8)
Scrolls
 c - 2 scrolls of fog
 k - a scroll of vulnerability {unknown}
 n - a scroll of blinking {unknown}
 r - 2 scrolls of fear
 t - a scroll of remove curse
 u - a scroll of amnesia {unknown}
 F - 2 scrolls of silence {unknown}
 H - a scroll of magic mapping
 M - a scroll of immolation {unknown}
 R - a scroll of random uselessness {unknown}
Potions
 b - a potion of brilliance {unknown}
 e - a potion of ambrosia
 s - 3 potions of invisibility
 v - 2 potions of attraction
 A - a potion of curing {unknown}
 D - a potion of resistance
 G - a potion of flight {unknown}
Miscellaneous
 J - a lightning rod (4/4)


   Skills:
 + Level 8.8 Fighting
 + Level 5.8 Short Blades
 + Level 7.4 Long Blades
 + Level 5.8 Axes
 + Level 5.8 Maces & Flails
 + Level 5.8 Polearms
 + Level 5.8 Staves
 + Level 5.8 Slings
 + Level 5.8 Bows
 + Level 5.8 Crossbows
 + Level 5.8 Throwing
 + Level 5.8 Armour
 + Level 7.4 Dodging
 + Level 11.0 Stealth
 + Level 5.8 Shields
 + Level 5.8 Unarmed Combat
 + Level 5.8 Spellcasting
 + Level 4.7 Conjurations
 + Level 4.7 Hexes
 + Level 4.7 Summonings
 + Level 4.7 Necromancy
 + Level 4.7 Translocations
 + Level 4.7 Transmutations
 + Level 4.7 Fire Magic
 + Level 4.7 Ice Magic
 + Level 4.7 Air Magic
 + Level 4.7 Earth Magic
 + Level 4.7 Poison Magic
 + Level 6.3 Invocations
 + Level 5.8 Evocations


You had 5 spell levels left.
You knew the following spells:

 Your Spells              Type           Power        Failure   Level
b - Frozen Ramparts       Ice            ####..       5%          3
c - Conjure Flame         Conj/Fire      ####....     5%          3
g - Mephitic Cloud        Conj/Pois/Air  ####....     5%          3
s - Summon Ice Beast      Ice/Summ       ####....     19%         4
x - Blink                 Tloc           N/A          2%          2

Your spell library contained the following spells:

 Spells                   Type           Power        Failure   Level
 Magic Dart               Conj           ####         1%          1
 Call Imp                 Summ           ####....     2%          2
 Ensorcelled Hibernation  Hex/Ice        ####..       2%          2
 Slow                     Hex            ####....     2%          2
 Bolt of Magma            Conj/Fire/Erth ####......   45%         5
 Iron Shot                Conj/Erth      ####......   95%         6


Dungeon Overview and Level Annotations

Branches:
Dungeon (9/15)             Temple (1/1) D:5            Lair (1/6) D:9
 Bailey (visited)
    Orc: D:9-12

Altars:
Cheibriados
Elyvilon
Fedhas
Gozag
Hepliaklqana
Kikubaaqudgha
Makhleb
Nemelex Xobeh
Okawaru
Qazlal
Ru
Sif Muna
Trog
Uskayaw
Vehumet
Wu Jian
Xom
Yredelemnul
Zin
The Shining One

Shops:
D:7 [   D:8 *

Annotations:
Lair:1 Gastronok


Innate Abilities, Weirdness & Mutations

Your experience applies equally to all skills.
You have very sharp teeth.
Your uncanny sense of smell can sniff out nearby items.
You have sharp fingernails.
You are partially covered in iridescent scales. (AC +2)


Message History

You are poisoned.
The cane toad poisons you!
You hit the cane toad.
The cane toad is severely wounded.
You feel sick. You block the cane toad's attack.
Gastronok gurgles horribly!
You slash the cane toad!
You kill the cane toad!
You feel sick.
Unknown command.
As you read the scroll of teleportation, it crumbles to dust.
You feel strangely unstable.
You feel sick.
You feel sick.
You feel sick. "How about this?"
The scales on your acid dragon scales wiggle briefly.
You block the komodo dragon's attack.
You feel sick. The komodo dragon bites you!!
You die...
Xom giggles madly!

,, ** ****** ,**,,* **,* **,
,,,,,,, ,,, , ..*,.#* *
,*****, ,,,,,***,,,,,..,...
**, ,,,,,, ,,,,,**
,***##.*#.# *******,, , ,,**
*,∆* #..*..## **, **,** *,*
#..*#..* * * ** *,** ##.##.#*
*** *** *..###...#.#
,,,,,***,#.....@l.# ### **
**,,,,........#.########.####
**,,.#...#.##.#...........#
**,*##.*#.*#.............#*
**, *#,,#.*####w.###PP†#..#
**** ** , *,*#.**
##[##*###...## ∆ ,,,,,,,,
..#..###...##....#># **,,,,
,, ,,..............#P##.# * *
,*,* ,*,.###.###...#..##**,#


You could see a komodo dragon.

Vanquished Creatures
  A hydra (Lair:1)
  3 death yaks (D:9)
  A cane toad (Lair:1)
  A troll (D:9)
  2 water moccasins
  An acid dragon (D:9)
  5 orc warriors
  A black bear (D:6)
  A sky beast (D:7)
  An ice beast (D:5)
  4 ogres
  A phantom (D:7)
  3 centaurs
  A necrophage (D:8)
  A big kobold (D:7)
  3 bullfrogs
  A wyvern skeleton (D:9)
  8 wights (D:6)
  A howler monkey (D:6)
  A centaur zombie (D:9)
  2 jellies (D:9)
  3 orc priests
  A bullfrog skeleton (D:9)
  3 hounds
  An iron imp (D:9)
  A centaur skeleton (D:5)
  2 iguanas (D:5)
  3 worker ants
  5 orc wizards
  3 hell rats (D:9)
  A hound zombie (D:5)
  A howler monkey zombie (D:5)
  4 adders
  A shadow imp (D:5)
  3 white imps
  3 ufetubi
  34 orcs
  A giant cockroach (D:7)
  4 kobolds (D:7)
  5 quokkas
  A jackal zombie (D:7)
  3 leopard gecko zombies
  A quokka zombie (D:5)
  A rat (D:9)
128 creatures vanquished.

Vanquished Creatures (collateral kills)
  Grinder (D:6)
  A centaur (D:9)
  A scorpion (D:5)
  An orc (D:9)
4 creatures vanquished.

Vanquished Creatures (others)
  An orc priest (D:9)
  A plant (Lair:1)
2 creatures vanquished.

Grand Total: 134 creatures vanquished

Notes
Turn   | Place    | Note
-------+----------+-------------------------------------------
     0 | D:5      | Reached skill level 9 in Stealth
     0 | D:5      | MordorOrchid the Gnoll Delver began the quest for the Orb.
     0 | D:5      | Reached XP level 1. HP: 23/23 MP: 1/1
    20 | D:5      | Reached XP level 2. HP: 18/29 MP: 2/2
   383 | D:5      | Found a staircase to the Ecumenical Temple.
   391 | Temple   | Entered the Ecumenical Temple
   610 | Temple   | Became a worshipper of Xom the Unpredictable
   657 | D:5      | Reached XP level 3. HP: 30/35 MP: 2/4
   726 | D:5      | XOM: silly message
   741 | D:5      | Reached skill level 1 in Short Blades
   741 | D:5      | Reached skill level 1 in Axes
   741 | D:5      | Reached skill level 1 in Maces & Flails
   741 | D:5      | Reached skill level 1 in Polearms
   741 | D:5      | Reached skill level 1 in Staves
   741 | D:5      | Reached skill level 1 in Slings
   741 | D:5      | Reached skill level 1 in Bows
   741 | D:5      | Reached skill level 1 in Crossbows
   741 | D:5      | Reached skill level 1 in Throwing
   741 | D:5      | Reached skill level 1 in Armour
   741 | D:5      | Reached skill level 1 in Shields
   741 | D:5      | Reached skill level 1 in Unarmed Combat
   741 | D:5      | Reached skill level 1 in Spellcasting
   741 | D:5      | Reached skill level 1 in Invocations
   741 | D:5      | Reached skill level 1 in Evocations
   741 | D:5      | Reached XP level 4. HP: 25/41 MP: 5/5
  1342 | D:5      | Reached skill level 1 in Conjurations
  1342 | D:5      | Reached skill level 1 in Hexes
  1342 | D:5      | Reached skill level 1 in Summonings
  1342 | D:5      | Reached skill level 1 in Necromancy
  1342 | D:5      | Reached skill level 1 in Translocations
  1342 | D:5      | Reached skill level 1 in Transmutations
  1342 | D:5      | Reached skill level 1 in Fire Magic
  1342 | D:5      | Reached skill level 1 in Ice Magic
  1342 | D:5      | Reached skill level 1 in Air Magic
  1342 | D:5      | Reached skill level 1 in Earth Magic
  1342 | D:5      | Reached skill level 1 in Poison Magic
  1441 | D:5      | XOM: silly message
  1480 | D:5      | Reached XP level 5. HP: 40/47 MP: 6/6
  1532 | D:5      | XOM: silly message
  1806 | D:5      | XOM: god gift: ring mail {god gift}
  1819 | D:5      | XOM: god gift: 1076 gold pieces
  1900 | D:5      | Noticed an ogre
  1913 | D:5      | Killed an ogre
  1914 | D:5      | Reached XP level 6. HP: 53/53 MP: 8/8
  1948 | D:5      | XOM: enchant monster (good)
  1974 | D:5      | XOM: fog
  1983 | D:5      | Reached skill level 5 in Long Blades
  1983 | D:5      | Reached skill level 5 in Dodging
  2012 | D:5      | XOM: 2-stop teleportation journey
  2085 | D:5      | XOM: torment (18/53 hp)
  2252 | D:5      | XOM: give mutation
  2252 | D:5      | Gained mutation: You have sharp fingernails. [Xom's grace]
  2460 | D:5      | XOM: cast spell 'Chain of Chaos'
  2541 | D:5      | Noticed an ice beast
  2558 | D:5      | Killed an ice beast
  2559 | D:5      | Reached XP level 7. HP: 45/59 MP: 10/10
  3219 | D:5      | XOM: summons 1 hostile demon
  3264 | D:6      | Noticed Grinder
  3273 | D:6      | XOM: divination: magic mapping
  3296 | D:6      | XOM: cast spell 'Summon Mana Viper'
  3300 | D:6      | Killed Grinder
  3538 | D:6      | Reached skill level 10 in Stealth
  3538 | D:6      | Reached XP level 8. HP: 52/67 MP: 12/12
  3837 | D:6      | Found a blossoming altar of Fedhas.
  3844 | D:6      | XOM: smoke on damage
  3848 | D:6      | Found a basalt altar of Yredelemnul.
  4546 | D:6      | XOM: god gift: sedimented ruby potion {god gift}
  5055 | D:7      | XOM: destruction
  5060 | D:7      | XOM: give mutation
  5060 | D:7      | Gained mutation: You are partially covered in iridescent
                  | scales. (AC +2) [Xom's grace]
  5112 | D:7      | Found Vahesaudd's Armour Shoppe.
  5122 | D:7      | Bought the +3 buckler of Classification {rPois Int+6} for
                  | 562 gold pieces
  5128 | D:7      | Bought a +0 scale mail for 52 gold pieces
  5142 | D:7      | XOM: 2-stop teleportation journey
  5162 | D:7      | XOM: god gift: 50 gold pieces
  5233 | D:7      | Reached XP level 9. HP: 66/72 MP: 14/14
  5384 | D:7      | XOM: scenery: 1 doors open
  5523 | D:7      | XOM: god gift: bubbling inky potion {god gift}
  5634 | D:8      | Found Luptizxi's General Store.
  5670 | D:8      | XOM: blink monster(s)
  5695 | D:8      | Bought a scroll of magic mapping for 45 gold pieces
  5695 | D:8      | Bought a scroll of identify for 26 gold pieces
  5695 | D:8      | Bought a scroll of remove curse for 39 gold pieces
  5695 | D:8      | Bought a scroll of holy word for 97 gold pieces
  5750 | D:8      | XOM: fog
  5770 | D:8      | Found a flagged portal.
  5822 | Bailey   | Entered a bailey
  6101 | Bailey   | XOM: confusion (+ monsters)
  6106 | Bailey   | XOM: swap monsters
  6142 | Bailey   | XOM: silly message
  6164 | Bailey   | XOM: silly message
  6428 | Bailey   | XOM: torment (42/73 hp)
  6436 | Bailey   | XOM: polymorph orc warrior -> worker ant
  6657 | Bailey   | Noticed an orc knight
  6661 | Bailey   | an orc knight changed into a water moccasin
  6768 | D:9      | XOM: divination: magic mapping
  6837 | D:9      | Noticed a troll
  6849 | D:9      | Killed a troll
  6850 | D:9      | Reached skill level 5 in Invocations
  6867 | D:9      | Found a blossoming altar of Fedhas.
  7002 | D:9      | Noticed a death yak
  7010 | D:9      | Learned a level 2 spell: Blink
  7014 | D:9      | Learned a level 3 spell: Mephitic Cloud
  7064 | D:9      | Reached XP level 10. HP: 79/79 MP: 17/17
  7096 | D:9      | Learned a level 3 spell: Conjure Flame
  7114 | D:9      | Noticed a death yak
  7117 | D:9      | Noticed a death yak
  7127 | D:9      | XOM: polymorph hell rat -> iron imp
  7129 | D:9      | XOM: swap monsters
  7157 | D:9      | XOM: swap monsters
  7218 | D:9      | XOM: summons 2 hostile demons
  7399 | D:9      | XOM: draining
  7491 | D:9      | Reached skill level 5 in Short Blades
  7491 | D:9      | Reached skill level 5 in Axes
  7491 | D:9      | Reached skill level 5 in Maces & Flails
  7491 | D:9      | Reached skill level 5 in Polearms
  7491 | D:9      | Reached skill level 5 in Staves
  7491 | D:9      | Reached skill level 5 in Slings
  7491 | D:9      | Reached skill level 5 in Bows
  7491 | D:9      | Reached skill level 5 in Crossbows
  7491 | D:9      | Reached skill level 5 in Throwing
  7491 | D:9      | Reached skill level 5 in Armour
  7491 | D:9      | Reached skill level 5 in Shields
  7491 | D:9      | Reached skill level 5 in Unarmed Combat
  7491 | D:9      | Reached skill level 5 in Spellcasting
  7491 | D:9      | Reached skill level 5 in Evocations
  7606 | D:9      | Found a staircase to the Lair.
  7606 | D:9      | XOM: divine lightning
  7618 | D:9      | XOM: confuse monster(s)
  7622 | D:9      | Killed a death yak
  7627 | D:9      | XOM: confuse monster(s)
  7628 | D:9      | Killed a death yak
  7644 | D:9      | XOM: divination: magic mapping
  7649 | D:9      | Killed a death yak
  7716 | D:9      | Identified Tami's Collected Works on Freezing Stones
  7722 | D:9      | Learned a level 3 spell: Frozen Ramparts
  7730 | Lair:1   | Entered Level 1 of the Lair of Beasts
  7730 | Lair:1   | Noticed a five-headed hydra
  7738 | Lair:1   | Killed an eight-headed hydra
  7739 | Lair:1   | Reached skill level 11 in Stealth
  7767 | Lair:1   | Noticed Gastronok
  7905 | Lair:1   | Learned a level 4 spell: Summon Ice Beast
  8004 | Lair:1   | XOM: noise
  8015 | Lair:1   | Noticed a cane toad
  8026 | Lair:1   | XOM: divination: magic mapping
  8035 | Lair:1   | Killed a cane toad
  8038 | Lair:1   | XOM: silly message
  8039 | Lair:1   | Mangled by a komodo dragon

Illustrated notes

Levels and vault maps discovered:
D:5:      mumra_celtic_spiral_tile, layout_basic,
          minmay_temple_entry_glassed_door
D:6:      layout_basic, grunt_temple_overflow_open, uniq_grinder
D:7:      layout_gridville, serial_shops, shop_statue
D:8:      wander_river, layout_loops_ring, serial_shops, shop_statue,
          enter_bailey_6
D:9:      layout_roguey, dpeg_lair_monsters, basic_altar
Temple:   dpeg_five_rooms_temple
Lair:1:   layout_loops_ring, uniq_gastronok

Skill      XL: |  1  2  3  4  5  6  7  8  9 10 |
---------------+-------------------------------+-----
Stealth        | 10 11 | 11.0
Short Blades   | 1 2 3 4 5 |  5.8
Axes           | 1 2 3 4 5 |  5.8
Maces & Flails | 1 2 3 4 5 |  5.8
Polearms       | 1 2 3 4 5 |  5.8
Staves         | 1 2 3 4 5 |  5.8
Slings         | 1 2 3 4 5 |  5.8
Bows           | 1 2 3 4 5 |  5.8
Crossbows      | 1 2 3 4 5 |  5.8
Throwing       | 1 2 3 4 5 |  5.8
Armour         | 1 2 3 4 5 |  5.8
Shields        | 1 2 3 4 5 |  5.8
Unarmed Combat | 1 2 3 4 5 |  5.8
Spellcasting   | 1 2 3 4 5 |  5.8
Invocations    | 1 2 3 4 5 6 |  6.3
Evocations     | 1 2 3 4 5 |  5.8
Conjurations   | 1 2 3 4 |  4.7
Hexes          | 1 2 3 4 |  4.7
Summonings     | 1 2 3 4 |  4.7
Necromancy     | 1 2 3 4 |  4.7
Translocations | 1 2 3 4 |  4.7
Transmutations | 1 2 3 4 |  4.7
Fire Magic     | 1 2 3 4 |  4.7
Ice Magic      | 1 2 3 4 |  4.7
Air Magic      | 1 2 3 4 |  4.7
Earth Magic    | 1 2 3 4 |  4.7
Poison Magic   | 1 2 3 4 |  4.7
Long Blades    | 5 6 7 |  7.4
Dodging        | 5 6 7 |  7.4
Fighting       | 7 8 |  8.8

Action                   |  1- 3 |  4- 6 |  7- 9 | 10-12 || total
-------------------------+-------+-------+-------+-------++-------
Melee: Falchion          |    50 |   101 |    53 |       ||   204
       Bite              |     3 |    23 |    37 |    14 ||    77
       Punch             |     1 |       |       |       ||     1
       Unarmed           |       |       |     8 |       ||     8
       Spear             |       |       |    72 |    11 ||    83
       Long sword        |       |       |   153 |    89 ||   242
       Dagger            |       |       |     1 |       ||     1
 Fire: Shortbow          |       |       |    15 |       ||    15
       Hunting sling     |       |       |    53 |    28 ||    81
Throw: Dart              |       |       |    18 |       ||    18
 Cast: Conjure Flame     |       |       |       |     7 ||     7
       Mephitic Cloud    |       |       |       |     7 ||     7
       Blink             |       |       |       |     1 ||     1
       Frozen Ramparts   |       |       |       |     1 ||     1
Evoke: Wand              |       |       |     3 |       ||     3
  Use: Potion            |     1 |     1 |       |       ||     2
       Scroll            |       |       |    10 |     3 ||    13
 Stab: Distracted        |     2 |       |     1 |       ||     3
       Sleeping          |     1 |     2 |     8 |       ||    11
       Confused          |       |       |     1 |    12 ||    13
Armor: Leather armour    |     7 |     1 |       |       ||     8
       Ring mail         |       |    11 |    23 |       ||    34
       Skin              |       |       |     1 |       ||     1
       Scale mail        |       |       |    15 |       ||    15
       Acid dragon scale |       |       |       |    11 ||    11
Dodge: Dodged            |    23 |    62 |   136 |    44 ||   265
Block: Buckler           |       |       |    30 |    23 ||    53
       Tower shield      |       |       |    30 |    12 ||    42
       Rpst.: Falchion   |     3 |    22 |    13 |       ||    38
       Long sword        |       |       |    24 |     7 ||    31

Table legend: (Time is in decaauts)
 A = Elapsed time spent in this place.
 B = Non-inter-level travel time spent in this place.
 C = Inter-level travel time spent in this place.
 D = Time resting spent in this place.
 E = Time spent auto-exploring this place.
 F = Levels seen in this place.
 G = Mean time per level.
                   A        B        C        D        E       F      G
               +--------+--------+--------+--------+--------+-----+--------+
         Total |   8032 |   7823 |    209 |   1886 |   2991 |   8 | 1004.0 |
       Dungeon |   6670 |   6557 |    113 |   1508 |   2841 |   5 | 1334.0 |
        Temple |    250 |    167 |     83 |      0 |    150 |   1 |  250.0 |
          Lair |    236 |    223 |     13 |      0 |      0 |   1 |  236.0 |
        Bailey |    875 |    875 |      0 |    378 |      0 |   1 |  875.0 |
               +--------+--------+--------+--------+--------+-----+--------+

Top non-repeatable levels by time:
     D:5: 2999 daAuts
     D:6: 1780 daAuts
     D:9: 1046 daAuts
  Bailey: 875 daAuts
     D:7: 576 daAuts
     D:8: 267 daAuts
  Temple: 250 daAuts
  Lair:1: 236 daAuts
